TOP OF THE 1ST |
Indianapolis HS Rifles batting - Pitching for Madawaska Valley HS Wolves : RHP Greg Yager
|
Pitching: RHP Greg Yager
|
|
Batting: LHB Sam Fuller
|
0-0: Ball 1-0: Ball 2-0: Foul Ball, location: 2F 2-1: SINGLE (Line Drive, 6MD)
|
Batting: RHB Nathan Smith
|
0-0: Called Strike 0-1: Ball 1-1: Foul Ball, location: 2F 1-2: Ball 2-2: Ball 3-2: SINGLE (Groundball, 25) (infield hit) Sam Fuller to second
|
Batting: RHB Joe Noble
|
0-0: Swinging Strike 0-1: Foul Ball, location: 2F 0-2: Strikes out looking
|
Batting: LHB Dave Sanders
|
0-0: Foul Ball, location: 2F 0-1: Foul Ball, location: 2F 0-2: Strikes out swinging
|
Batting: RHB Joe Farrell
|
0-0: Foul Ball, location: 2F 0-1: SINGLE (Groundball, 56D) Sam Fuller to third Nathan Smith to second Runner from 3rd tries for Home, SAFE, no throw or cutoff
|
Batting: LHB Jason Welch
|
0-0: Called Strike 0-1: Foul Ball, location: 2F 0-2: Ball 1-2: Foul Ball, location: 2F 1-2: Foul Ball, location: 2F 1-2: Ground out 4-3 (Groundball, 4S)
|
Top of the 1st over - 1 run(s), 3 hit(s), 0 error(s), 2 left on base; Indianapolis HS 1 - Madawaska Valley HS 0 |
BOTTOM OF THE 1ST |
Madawaska Valley HS Wolves batting - Pitching for Indianapolis HS Rifles : RHP Rich Wright
|
Pitching: RHP Rich Wright
|
|
Batting: LHB Bob Campbell
|
0-0: Ball 1-0: Foul Ball, location: 2F 1-1: Ball 2-1: Swinging Strike 2-2: DOUBLE (Line Drive, 5D)
|
Batting: RHB Adam Carpenter
|
0-0: Fly out, F8 (Flyball, 8RM)
|
Batting: SHB Artie Adams
|
0-0: Ball 1-0: Ball 2-0: Ball 3-0: Base on Balls
|
Batting: SHB Steve Miner
|
0-0: Foul Ball, location: 2F 0-1: Called Strike 0-2: Foul Ball, location: 2F 0-2: Foul Ball, location: 2F 0-2: Ball 1-2: Grounds into double play, 6-4-3 (Groundball, 6M)
|
Bottom of the 1st over - 0 run(s), 1 hit(s), 0 error(s), 1 left on base; Indianapolis HS 1 - Madawaska Valley HS 0 |
TOP OF THE 2ND |
Indianapolis HS Rifles batting - Pitching for Madawaska Valley HS Wolves : RHP Greg Yager
|
Batting: RHB Wesley Wood
|
0-0: Ball 1-0: Foul Ball, location: 2F 1-1: Ball 2-1: Ground out 3-1 (Groundball, 3)
|
Batting: RHB Juan Reyes
|
0-0: Called Strike 0-1: Ball 1-1: Fly out, F1 (Line Drive, 15)
|
Batting: RHB Lyle Jackson
|
0-0: Swinging Strike 0-1: Ball 1-1: Swinging Strike 1-2: Foul Ball, location: 2F 1-2: Foul Ball, location: 2F 1-2: Fly out, F9 (Popup, 34D)
|
Top of the 2nd over - 0 run(s), 0 hit(s), 0 error(s), 0 left on base; Indianapolis HS 1 - Madawaska Valley HS 0 |
BOTTOM OF THE 2ND |
Madawaska Valley HS Wolves batting - Pitching for Indianapolis HS Rifles : RHP Rich Wright
|
Batting: LHB Marv Gardner
|
0-0: Fly out, F8 (Flyball, 8RM)
|
Batting: RHB Enrique Navarro
|
0-0: Ground out 1-3 (Groundball, 34S)
|
Batting: RHB Leo Snyder
|
0-0: Ball 1-0: Ball 2-0: Swinging Strike 2-1: Ball 3-1: Base on Balls
|
Batting: RHB David Simmons
|
0-0: Foul Ball, location: 2F 0-1: Ball 1-1: SINGLE (Line Drive, 56) Leo Snyder to second
|
Batting: RHB Weldon Lott
|
0-0: Ball 1-0: Ball 2-0: Called Strike 2-1: Ball 3-1: Foul Ball, location: 2F 3-2: Strikes out swinging
|
Bottom of the 2nd over - 0 run(s), 1 hit(s), 0 error(s), 2 left on base; Indianapolis HS 1 - Madawaska Valley HS 0 |
TOP OF THE 3RD |
Indianapolis HS Rifles batting - Pitching for Madawaska Valley HS Wolves : RHP Greg Yager
|
Batting: LHB Sam Fuller
|
0-0: Called Strike 0-1: Swinging Strike 0-2: Ball 1-2: Strikes out swinging
|
Batting: RHB Nathan Smith
|
0-0: Ball 1-0: Foul Ball, location: 2F 1-1: Ball 2-1: Ball 3-1: Base on Balls
|
Batting: RHB Joe Noble
|
0-0: Called Strike Nathan Smith steals 2nd base 0-1: Ball 1-1: Foul Ball, location: 2F 1-2: Ball 2-2: Ball 3-2: Foul Ball, location: 2F 3-2: SINGLE (Line Drive, 8LS) Nathan Smith to third Runner from 3rd tries for Home, SAFE, no throw or cutoff
|
Batting: LHB Dave Sanders
|
0-0: Ball 1-0: Ball 2-0: Foul Ball, location: 2F 2-1: Foul Ball, location: 2F 2-2: Ball 3-2: Foul Ball, location: 2F 3-2: Base on Balls Joe Noble to second
|
Batting: RHB Joe Farrell
|
0-0: Ball 1-0: Grounds into double play, 4-6-3 (Groundball, 4)
|
Top of the 3rd over - 1 run(s), 1 hit(s), 0 error(s), 1 left on base; Indianapolis HS 2 - Madawaska Valley HS 0 |
BOTTOM OF THE 3RD |
Madawaska Valley HS Wolves batting - Pitching for Indianapolis HS Rifles : RHP Rich Wright
|
Batting: LHB Bob Campbell
|
0-0: Called Strike 0-1: Ground out U3 (Groundball, 3L)
|
Batting: RHB Adam Carpenter
|
0-0: Called Strike 0-1: Called Strike 0-2: Ball 1-2: Strikes out swinging
|
Batting: SHB Artie Adams
|
0-0: Ball 1-0: Swinging Strike 1-1: Ball 2-1: Ball 3-1: Fly out, F8 (Flyball, 8RM)
|
Bottom of the 3rd over - 0 run(s), 0 hit(s), 0 error(s), 0 left on base; Indianapolis HS 2 - Madawaska Valley HS 0 |
TOP OF THE 4TH |
Indianapolis HS Rifles batting - Pitching for Madawaska Valley HS Wolves : RHP Greg Yager
|
Batting: LHB Jason Welch
|
0-0: Called Strike 0-1: Foul Ball, location: 2F 0-2: Strikes out swinging
|
Batting: RHB Wesley Wood
|
0-0: Ball 1-0: SINGLE (Groundball, 6)
|
Batting: RHB Juan Reyes
|
0-0: Ball 1-0: Called Strike 1-1: Foul Ball, location: 2F 1-2: Ball 2-2: 2-RUN HOME RUN (Flyball, 7D), Distance : 402 ft
|
Batting: RHB Lyle Jackson
|
0-0: Ball 1-0: Ball 2-0: Called Strike 2-1: Foul Ball, location: 2F 2-2: Ground out 5-3 (Groundball, 5)
|
Batting: LHB Sam Fuller
|
0-0: Ball 1-0: Called Strike 1-1: Called Strike 1-2: Ball 2-2: Foul Ball, location: 2F 2-2: Ball 3-2: SINGLE (Groundball, 6M)
|
Pitching: LHP Ken Pinnell
|
|
Batting: RHB Nathan Smith
|
0-0: Ball 1-0: Called Strike 1-1: Ball 2-1: Swinging Strike 2-2: Foul Ball, location: 2F 2-2: Foul Ball, location: 2F 2-2: SINGLE (Groundball, 4M) Sam Fuller to second
|
Batting: RHB Joe Noble
|
0-0: Ball 1-0: Called Strike 1-1: Ball 2-1: Foul Ball, location: 2F 2-2: SINGLE (Groundball, 56) Sam Fuller to third Nathan Smith to second Runner from 3rd tries for Home, SAFE, no throw or cutoff
|
Batting: LHB Dave Sanders
|
0-0: Ball 1-0: Called Strike 1-1: Called Strike 1-2: Strikes out swinging
|
Top of the 4th over - 3 run(s), 5 hit(s), 0 error(s), 2 left on base; Indianapolis HS 5 - Madawaska Valley HS 0 |
BOTTOM OF THE 4TH |
Madawaska Valley HS Wolves batting - Pitching for Indianapolis HS Rifles : RHP Rich Wright
|
Batting: SHB Steve Miner
|
0-0: Fly out, F7 (Flyball, 7M)
|
Batting: LHB Marv Gardner
|
0-0: Called Strike 0-1: Ball 1-1: Foul Ball, location: 2F 1-2: Fly out, F8 (Flyball, 8RM)
|
Batting: RHB Enrique Navarro
|
0-0: Ball 1-0: Ball 2-0: Ball 3-0: Called Strike 3-1: Base on Balls
|
Batting: RHB Leo Snyder
|
0-0: Ball 1-0: Called Strike 1-1: Fly out, F5 (Popup, 5F)
|
Bottom of the 4th over - 0 run(s), 0 hit(s), 0 error(s), 1 left on base; Indianapolis HS 5 - Madawaska Valley HS 0 |
TOP OF THE 5TH |
Indianapolis HS Rifles batting - Pitching for Madawaska Valley HS Wolves : LHP Ken Pinnell
|
Batting: RHB Joe Farrell
|
0-0: Ball 1-0: Ball 2-0: Ball 3-0: Called Strike 3-1: Called Strike 3-2: Fly out, F9 (Flyball, 9M)
|
Batting: LHB Jason Welch
|
0-0: Ball 1-0: Called Strike 1-1: Foul Ball, location: 2F 1-2: SINGLE (Groundball, 34D)
|
Batting: RHB Wesley Wood
|
0-0: Called Strike 0-1: Ball 1-1: Ball 2-1: Called Strike 2-2: Ball 3-2: Fielders Choice at 2nd, 4-6 (Groundball, 4)
|
Batting: RHB Juan Reyes
|
Pickoff Throw to First - Out!
|
Top of the 5th over - 0 run(s), 1 hit(s), 0 error(s), 0 left on base; Indianapolis HS 5 - Madawaska Valley HS 0 |
BOTTOM OF THE 5TH |
Madawaska Valley HS Wolves batting - Pitching for Indianapolis HS Rifles : RHP Rich Wright
|
Batting: RHB David Simmons
|
0-0: Called Strike 0-1: Called Strike 0-2: Ball 1-2: Ball 2-2: Ball 3-2: Strikes out swinging
|
Batting: RHB Weldon Lott
|
0-0: Ball 1-0: Called Strike 1-1: Foul Ball, location: 2F 1-2: Foul Ball, location: 2F 1-2: Ball 2-2: Foul Ball, location: 2F 2-2: Ball 3-2: Foul Ball, location: 2F 3-2: Base on Balls
|
Batting: LHB Bob Campbell
|
0-0: Called Strike 0-1: Fielders Choice at 2nd, 6-4 (Groundball, 6)
|
Batting: RHB Adam Carpenter
|
0-0: Called Strike 0-1: Foul Ball, location: 2F 0-2: Ball Bob Campbell is caught stealing 2nd base
|
Bottom of the 5th over - 0 run(s), 0 hit(s), 0 error(s), 0 left on base; Indianapolis HS 5 - Madawaska Valley HS 0 |
TOP OF THE 6TH |
Indianapolis HS Rifles batting - Pitching for Madawaska Valley HS Wolves : LHP Ken Pinnell
|
Batting: RHB Juan Reyes
|
0-0: Ball 1-0: Fly out, F7 (Flyball, 78M)
|
Batting: RHB Lyle Jackson
|
0-0: Fly out, F3 (Popup, 3F)
|
Batting: LHB Sam Fuller
|
0-0: Foul Ball, location: 2F 0-1: Ball 1-1: Ground out 6-3 (Groundball, 6M)
|
Top of the 6th over - 0 run(s), 0 hit(s), 0 error(s), 0 left on base; Indianapolis HS 5 - Madawaska Valley HS 0 |
BOTTOM OF THE 6TH |
Madawaska Valley HS Wolves batting - Pitching for Indianapolis HS Rifles : RHP Rich Wright
|
Batting: RHB Adam Carpenter
|
0-0: Called Strike 0-1: Ball 1-1: Ball 2-1: Ground out 6-3 (Groundball, 6)
|
Pitching: LHP Jason Cabrera
|
|
Batting: SHB Artie Adams
|
0-0: Ball 1-0: Ball 2-0: Ball 3-0: Called Strike 3-1: Base on Balls
|
Batting: SHB Steve Miner
|
0-0: Ball 1-0: SINGLE (Groundball, 56D) Artie Adams to second
|
Batting: LHB Marv Gardner
|
0-0: Ball 1-0: Foul Ball, location: 2F 1-1: Called Strike 1-2: Strikes out swinging
|
Batting: RHB Enrique Navarro
|
0-0: Called Strike 0-1: Foul Ball, location: 2F 0-2: Strikes out swinging
|
Bottom of the 6th over - 0 run(s), 1 hit(s), 0 error(s), 2 left on base; Indianapolis HS 5 - Madawaska Valley HS 0 |
TOP OF THE 7TH |
Indianapolis HS Rifles batting - Pitching for Madawaska Valley HS Wolves : LHP Ken Pinnell
|
Pitching: RHP Mark Bailey
|
|
Batting: RHB Nathan Smith
|
0-0: Ball 1-0: Bunted foul 1-1: Foul Ball, location: 2F 1-2: Strikes out swinging
|
Batting: RHB Joe Noble
|
0-0: Called Strike 0-1: SOLO HOME RUN (Flyball, 9D), Distance : 393 ft
|
Batting: LHB Dave Sanders
|
0-0: Ball 1-0: Ball 2-0: Ground out 6-3 (Groundball, 6)
|
Batting: RHB Joe Farrell
|
0-0: Fly out, F5 (Line Drive, 56)
|
Top of the 7th over - 1 run(s), 1 hit(s), 0 error(s), 0 left on base; Indianapolis HS 6 - Madawaska Valley HS 0 |
BOTTOM OF THE 7TH |
Madawaska Valley HS Wolves batting - Pitching for Indianapolis HS Rifles : LHP Jason Cabrera
|
Batting: RHB Leo Snyder
|
0-0: Ball 1-0: Foul Ball, location: 2F 1-1: Fly out, F4 (Popup, 4)
|
Batting: RHB David Simmons
|
0-0: Ball 1-0: Ball 2-0: Ball 3-0: Called Strike 3-1: Swinging Strike 3-2: Base on Balls
|
Batting: RHB Weldon Lott
|
0-0: SINGLE (Groundball, 6MD) David Simmons to second
|
Batting: LHB Bob Campbell
|
0-0: DOUBLE (Line Drive, 7LS) David Simmons scores Weldon Lott to third
|
Batting: RHB Adam Carpenter
|
0-0: DOUBLE (Flyball, 89M) Weldon Lott scores Bob Campbell scores
|
Batting: SHB Artie Adams
|
0-0: Called Strike 0-1: Reached on error, E5 (Groundball, 5) Adam Carpenter to third
|
Batting: SHB Steve Miner
|
0-0: Ball 1-0: Ball 2-0: Fly out, F6 (Popup, 56D)
|
Batting: LHB Marv Gardner
|
0-0: Called Strike 0-1: Called Strike 0-2: Strikes out looking
|
Bottom of the 7th over - 3 run(s), 3 hit(s), 1 error(s), 2 left on base; Indianapolis HS 6 - Madawaska Valley HS 3 |
TOP OF THE 8TH |
Indianapolis HS Rifles batting - Pitching for Madawaska Valley HS Wolves : RHP Mark Bailey
|
Batting: LHB Jason Welch
|
0-0: Foul Ball, location: 2F 0-1: Ball 1-1: Swinging Strike 1-2: Strikes out swinging
|
Batting: RHB Wesley Wood
|
0-0: Called Strike 0-1: Ball 1-1: Swinging Strike 1-2: Foul Ball, location: 2F 1-2: Ball 2-2: Ball 3-2: Base on Balls
|
Batting: RHB Juan Reyes
|
0-0: Ball 1-0: Ball 2-0: SINGLE (Line Drive, 34D) Wesley Wood to second Runner from 2nd tries for 3rd, SAFE, no throw or cutoff
|
Batting: RHB Lyle Jackson
|
0-0: Ball 1-0: Called Strike 1-1: Foul Ball, location: 2F 1-2: 3-RUN HOME RUN (Flyball, 7D), Distance : 405 ft
|
Pitching: RHP Chris Brandt
|
|
Batting: LHB Sam Fuller
|
0-0: Swinging Strike 0-1: Foul Ball, location: 2F 0-2: Ball 1-2: Ball 2-2: Strikes out looking
|
Batting: RHB Nathan Smith
|
0-0: Foul Ball, location: 2F 0-1: Ball 1-1: Ball 2-1: Ball 3-1: Called Strike 3-2: Ground out 4-3 (Groundball, 4M)
|
Top of the 8th over - 3 run(s), 2 hit(s), 0 error(s), 0 left on base; Indianapolis HS 9 - Madawaska Valley HS 3 |
BOTTOM OF THE 8TH |
Madawaska Valley HS Wolves batting - Pitching for Indianapolis HS Rifles : LHP Jason Cabrera
|
Batting: RHB Enrique Navarro
|
0-0: Ball 1-0: Fly out, F9 (Flyball, 9M)
|
Pitching: RHP Frank Scott
|
|
Batting: RHB Leo Snyder
|
0-0: Foul Ball, location: 2F 0-1: Ground out 5-3 (Groundball, 56S)
|
Batting: RHB David Simmons
|
0-0: Called Strike 0-1: Ball 1-1: Swinging Strike 1-2: Strikes out swinging
|
Bottom of the 8th over - 0 run(s), 0 hit(s), 0 error(s), 0 left on base; Indianapolis HS 9 - Madawaska Valley HS 3 |
TOP OF THE 9TH |
Indianapolis HS Rifles batting - Pitching for Madawaska Valley HS Wolves : RHP Chris Brandt
|
Pitching: LHP Juan Olivo
|
|
Batting: RHB Joe Noble
|
0-0: Foul Ball, location: 2F 0-1: Swinging Strike 0-2: Ball 1-2: Ground out 4-3 (Groundball, 4)
|
Batting: LHB Dave Sanders
|
0-0: Fly out, F9 (Flyball, 89M)
|
Batting: RHB Joe Farrell
|
0-0: Ball 1-0: Ball 2-0: Foul Ball, location: 2F 2-1: Ball 3-1: Foul Ball, location: 2F 3-2: Ground out 6-3 (Groundball, 56)
|
Top of the 9th over - 0 run(s), 0 hit(s), 0 error(s), 0 left on base; Indianapolis HS 9 - Madawaska Valley HS 3 |
BOTTOM OF THE 9TH |
Madawaska Valley HS Wolves batting - Pitching for Indianapolis HS Rifles : RHP Frank Scott
|
Batting: RHB Weldon Lott
|
0-0: Ground out 6-3 (Groundball, 6)
|
Batting: LHB Bob Campbell
|
0-0: Ball 1-0: SINGLE (Groundball, 4MD)
|
Batting: RHB Adam Carpenter
|
0-0: Ball 1-0: Swinging Strike 1-1: Ball 2-1: Ball 3-1: Called Strike 3-2: Fielders Choice at 2nd, 4-6 (Groundball, 4)
|
Batting: SHB Artie Adams
|
0-0: Ball 1-0: Foul Ball, location: 2F 1-1: SINGLE (Groundball, 56D) (infield hit) Adam Carpenter to second
|
Batting: SHB Steve Miner
|
0-0: SINGLE (Line Drive, 6D) Adam Carpenter to third Artie Adams to second
|
Batting: LHB Marv Gardner
|
0-0: Ball 1-0: Ball 2-0: Called Strike 2-1: Foul Ball, location: 2F 2-2: Foul Ball, location: 2F 2-2: Strikes out looking
|
Bottom of the 9th over - 0 run(s), 3 hit(s), 0 error(s), 3 left on base; Indianapolis HS 9 - Madawaska Valley HS 3 |
|